 Seeded DCSS version 0.29-a0-22-gbf593b16ee (webtiles) character file.

Game seed: 11 (custom seed)

116432 knot the Severer (level 16, 0/157 HPs)
             Began as a Demonspawn Berserker on Jan 30, 2022.
             Was a High Priest of Trog.
             Slain by Agnes (12 damage)
             ... on level 2 of the Spider Nest.
             The game lasted 01:21:58 (38269 turns).

knot the Severer (Demonspawn Berserker)            Turns: 38269, Time: 01:21:58

Health: 0/157      AC: 23    Str: 25    XL:     16   Next: 20%
Magic:  0/16       EV:  8    Int: 16    God:    Trog [*****.]
Gold:   3320       SH:  0    Dex: 14    Spells: 15/15 levels left

rFire   + . .      SeeInvis +   T - +7 battleaxe (vamp)
rCold   + . .      Faith    +   (shield currently unavailable)
rNeg    . . .      Spirit   +   H - +1 crystal plate armour
rPois   +          Reflect  .   g - +0 hat {Will+}
rElec   .          Harm     .   y - scarf {rC+ rF+}
rCorr   .          Rampage  .   Q - +0 pair of gloves of the Lost Path {rPois Dex+2 Slay+3}
Will    ++...                   J - +0 pair of boots "Riemin" {+Inv rPois}
Stlth   ..........              G - amulet of faith
HPRegen 5.36/turn               L - +6 ring of strength
MPRegen 0.30/turn               k - ring of see invisible

@: berserking, lethally poisoned (0 -> 0), spiked, very quick
A: powered by death 2, magic shield, magic regeneration, sturdy frame 2,
weakness stinger 2
a: Renounce Religion, Evoke Invisibility, Berserk, Trog's Hand, Brothers in Arms


You were on level 2 of the Spider Nest.
You worshipped Trog.
Trog was extremely pleased with you.
You visited 5 branches of the dungeon, and saw 26 of its levels.
You also visited: Sewer and Ice Cave.

You collected 3696 gold pieces.
You spent 376 gold pieces at shops.

Inventory:

Hand Weapons
 j - the +7 spear "Uhapass" {vorpal, Int+4}
   (You found it on level 10 of the Dungeon)

   It inflicts extra damage upon your enemies.
   Int:       It affects your intelligence (+4).
 q - a +1 battleaxe of flaming
 O - a +5 battleaxe of freezing
 T - a +7 vampiric battleaxe (weapon)
 Y - the +6 mace of the Ageless Dreams {vorpal, rF+ rC- Str+2 Int+2}
   (You found it on level 5 of the Lair of Beasts)

   It inflicts extra damage upon your enemies.
   Str:       It affects your strength (+2).
   Int:       It affects your intelligence (+2).
   rF:        It protects you from fire.
   rC:        It makes you vulnerable to cold.
Missiles
 a - 3 curare-tipped darts
 d - 2 atropa-tipped darts
 x - 16 poisoned darts (quivered)
 E - 2 throwing nets
 K - 7 boomerangs
 X - 9 javelins
Armour
 g - a +0 hat of willpower (worn)
 y - a scarf of resistance (worn)
 H - a +1 crystal plate armour (worn)
 J - the +0 pair of boots "Riemin" (worn) {+Inv rPois}
   (You found it on level 7 of the Dungeon)

   rPois:     It protects you from poison.
   +Inv:      It lets you turn invisible.
 Q - the +0 pair of gloves of the Lost Path (worn) {rPois Dex+2 Slay+3}
   (You found it on level 10 of the Dungeon)

   Dex:       It affects your dexterity (+2).
   Slay:      It affects your accuracy & damage with ranged weapons and melee
   (+3).
   rPois:     It protects you from poison.
Jewellery
 i - a +6 ring of dexterity
 k - a ring of see invisible (right hand)
 t - the ring of the Prince of Darkness {Fly Stlth+}
   (You found it in an ice cave)

   [ring of flight]

   Fly:       It grants you flight.
   Stlth:     It makes you more stealthy.
 G - an amulet of faith (around neck)
 L - a +6 ring of strength (left hand)
 N - a ring of resist corrosion
Wands
 b - a wand of mindburst (18)
 R - a wand of acid (18)
Scrolls
 e - 10 scrolls of identify
 l - 6 scrolls of fog
 o - 3 scrolls of summoning
 p - 11 scrolls of teleportation
 w - a scroll of silence
 z - 2 scrolls of amnesia
 A - 3 scrolls of vulnerability
 B - 5 scrolls of immolation
 C - 6 scrolls of blinking
 M - 8 scrolls of fear
 S - 2 scrolls of magic mapping
Potions
 c - 5 potions of brilliance
 f - 4 potions of mutation
 h - 3 potions of lignification
 m - 2 potions of magic
 r - 2 potions of cancellation
 s - 3 potions of berserk rage
 u - 4 potions of flight
 D - 4 potions of haste
 F - 2 potions of might
 I - 3 potions of resistance
 P - 5 potions of ambrosia
 V - 3 potions of heal wounds
Miscellaneous
 v - a tin of tremorstones (1/2)
 W - a phantom mirror
 Z - a condenser vane


   Skills:
 * Level 3.6 Fighting
 * Level 20.3 Axes
 + Level 15.7 Throwing
 * Level 8.4 Armour
 * Level 2.5 Dodging


You had 15 spell levels left.
You didn't know any spells.
Your spell library contained the following spells:

 Spells                   Type           Power      Damage    Failure   Level
 Foxfire                  Conj/Fire      0%         2x1d4     98%         1
 Pain                     Necr           0%         1d4       98%         1
 Summon Small Mammal      Summ           0%         N/A       98%         1
 Blink                    Tloc           0%         N/A       99%         2
 Ensorcelled Hibernation  Hex/Ice        0%         N/A       99%         2
 Sublimation of Blood     Necr           0%         N/A       99%         2
 Call Canine Familiar     Summ           0%         N/A       100%        3
 Conjure Flame            Conj/Fire      0%         6-21      100%        3
 Dazzling Flash           Conj/Hex       0%         N/A       100%        3
 Frozen Ramparts          Ice            0%         1d2       100%        3
 Gell's Gravitas          Tloc           0%         N/A       100%        3
 Inner Flame              Hex/Fire       0%         N/A       100%        3
 Portal Projectile        Hex/Tloc       0%         N/A       100%        3
 Spider Form              Tmut/Pois      0%         N/A       100%        3
 Stone Arrow              Conj/Erth      0%         3d7       100%        3
 Summon Guardian Golem    Hex/Summ       0%         N/A       100%        3
 Teleport Other           Tloc           0%         N/A       100%        3
 Anguish                  Hex/Necr       0%         N/A       100%        4
 Animate Armour           Summ/Erth      0%         N/A       100%        4
 Cause Fear               Hex            0%         N/A       100%        4
 Flame Wave               Conj/Fire      0%         2d4       100%        4
 Ice Form                 Ice/Tmut       0%         N/A       100%        4
 Iskenderun's Mystic Bla  Conj/Tloc      0%         2d3       100%        4
 Petrify                  Tmut/Erth      0%         N/A       100%        4
 Summon Ice Beast         Ice/Summ       0%         N/A       100%        4
 Agony                    Necr           0%         N/A       100%        5
 Alistair's Intoxication  Tmut/Pois      0%         N/A       100%        5
 Blade Hands              Tmut           0%         N/A       100%        5
 Borgnjor's Vile Clutch   Necr/Erth      0%         N/A       100%        5
 Excruciating Wounds      Necr           0%         N/A       100%        5
 Freezing Cloud           Conj/Ice/Air   0%         6-21      100%        5
 Irradiate                Conj/Tmut      0%         3d13      100%        5
 Manifold Assault         Tloc           0%         N/A       100%        5
 Metabolic Englaciation   Hex/Ice        0%         N/A       100%        5
 Summon Forest            Summ/Tloc      0%         N/A       100%        5
 Dispersal                Tloc           0%         N/A       100%        6
 Eringya's Noxious Bog    Tmut/Pois      0%         N/A       100%        6
 Simulacrum               Ice/Necr       0%         N/A       100%        6
 Starburst                Conj/Fire      0%         6d3       100%        6
 Dragon Form              Tmut           0%         N/A       100%        7
 Storm Form               Tmut/Air       0%         N/A       100%        7
 Summon Hydra             Summ           0%         N/A       100%        7
 Discord                  Hex            0%         N/A       100%        8
 Lehudib's Crystal Spear  Conj/Erth      0%         10d2      100%        8
 Dragon's Call            Summ           0%         N/A       100%        9
 Polar Vortex             Ice            0%         N/A       100%        9


Dungeon Overview and Level Annotations

Branches:
Dungeon (15/15)            Temple (1/1) D:7            Lair (6/6) D:11
 Shoals (0/4) Lair:3       Spider (2/4) Lair:3        Slime (0/5) Lair:5
    Orc (2/2) D:9             Elf (0/3) Orc:2        Vaults (0/5) D:13
 Depths (0/4) D:15          Sewer (visited)           IceCv (visited)

Altars:
Ashenzari
Cheibriados
Dithmenos
Elyvilon
Fedhas
Gozag
Hepliaklqana
Kikubaaqudgha
Makhleb
Nemelex Xobeh
Okawaru
Qazlal
Ru
Sif Muna
Trog
Uskayaw
Vehumet
Wu Jian
Xom
Yredelemnul
Zin
The Shining One
Beogh

Shops:
D:9 *   Orc:2 [(:?[

Annotations:
D:12 2 runed translucent doors
Spider:2 Agnes


Innate Abilities, Weirdness & Mutations

You regenerate health from kills.
When hurt, damage is shared between your health and your magic reserves.
You regenerate magic rapidly.
Your movements are less encumbered by armour. (ER -4)
You have a tail ending in a sharp stinger.


Message History

* * * LOW HITPOINT WARNING * * *
The jumping spider pounces on you but does no damage.
The jumping spider bites you but does no damage.
The boulder beetle leaps!
The redback bites you but does no damage.
You slash the redback!
You feel better.
You kill the redback!
Trog accepts your kill.
You hit Agnes. You miss the jumping spider.
You feel sick.
Agnes hits you with a +3 spectral lajatang!
* * * LOW HITPOINT WARNING * * *
The jumping spider pounces on you but does no damage.
The jumping spider bites you but does no damage.
You slash the jumping spider!
You feel better.
You kill the jumping spider!
Trog accepts your kill.
You slash Agnes!
You feel sick. Agnes barely misses you.
Unknown command.
You miss Agnes.
Agnes is heavily wounded.
You feel sick.
Unknown command.
You slice Agnes!!
You feel better.
Agnes is severely wounded.
You feel sick.
Agnes hits you with a +3 spectral lajatang!!
* * * LOW HITPOINT WARNING * * *
A wolf spider comes into view.
Unknown command.
You closely miss Agnes. You tail-slap Agnes.
Agnes is severely wounded.
You feel sick.
Agnes hits you with a +3 spectral lajatang!
* * * LOW HITPOINT WARNING * * *
Unknown command.
You miss Agnes.
Agnes is severely wounded.
You feel sick.
Agnes hits you with a +3 spectral lajatang!
You die...

............
......^....##
............##
B............#
.............#
.s....^.....##
......†^†....#
......†@..>..#
......†^i^..##
...^#..^....#
... #....#...#
. .....##..#
.....## ..#
...#.## ..#
#..### ..


You could see Agnes (invisible), a boulder beetle and a wolf spider.

Vanquished Creatures
  Gastronok (D:12)
  A frost giant (IceCv)
  2 emperor scorpions (Spider:1)
  An orc warlord (Orc:2)
  A ghoul (D:14)
  An entropy weaver (Spider:1)
  Josephine (Lair:5)
  An ice dragon (Lair:5)
  A vault guard (D:13)
  4 boulder beetles
  An ogre mage (D:10)
  A jorogumo (Spider:1)
  3 catoblepae
  2 hydras
  Erica (Orc:1)
  2 centaur warriors
  5 two-headed ogres
  A deep troll shaman (Lair:6)
  13 death yaks
  2 orc high priests (Orc:2)
  2 pharaoh ants (Spider:1)
  7 skeletal warriors
  A steelbarb worm (shapeshifter) (D:10)
  An orb spider (Spider:1)
  3 steelbarb worms
  A wizard (D:15)
  2 orc knights
  A necromancer (D:15)
  4 orc sorcerers
  A moth of wrath (Spider:1)
  3 wolf spiders
  6 cyclopes
  3 manticores
  6 ugly things
  9 elephants
  Maurice (D:10)
  3 black mambas
  2 naga magi (D:15)
  3 merfolk sirens (Lair:3)
  An ice statue (IceCv)
  3 torpor snails
  A demonic crawler (Spider:1)
  18 cane toads
  8 komodo dragons
  4 rime drakes
  A kobold demonologist (D:10)
  An efreet (D:14)
  A komodo dragon (shapeshifter) (D:11)
  A centaur skeleton (D:15)
  3 freezing wraiths
  A tengu conjurer (D:13)
  A guardian mummy (D:14)
  A merfolk (Lair:3)
  5 trolls
  12 polar bears
  8 tarantellas (Spider:1)
  3 hornets
  11 blink frogs
  6 slime creatures (D:12)
  A wolf spider simulacrum (D:15)
  5 dream sheep
  A meliai zombie (D:15)
  5 jumping spiders
  5 culicivoras
  2 shadows
  58 yaks
  A vampire (D:13)
  5 wyverns
  7 basilisks
  6 wraiths
  Eustachio (D:4)
  A fire elemental (D:7)
  2 fire bats (D:7)
  A steam dragon (D:8)
  19 redbacks
  5 vampire mosquitoes
  Menkaure (D:7)
  2 wargs
  3 acid dragons
  7 water moccasins
  34 orc warriors
  3 ice beasts
  2 sky beasts (D:6)
  5 black bears
  9 ogres
  22 wolves
  12 centaurs
  2 necrophages
  4 kobold brigands
  2 phantoms
  7 bullfrogs
  A wyvern zombie (D:5)
  5 gnoll sergeants (D:9)
  6 scorpions
  2 wyvern skeletons (D:6)
  16 killer bees
  A wight (D:10)
  An electric eel (Lair:2)
  A howler monkey (D:9)
  9 centaur zombies
  16 orc priests
  A jelly (D:8)
  4 gnoll shamans
  3 hounds
  3 bullfrog skeletons
  2 iguanas
  27 orc wizards
  A killer bee zombie (D:7)
  A centaur simulacrum (D:10)
  A human simulacrum (D:14)
  A howler monkey zombie (D:6)
  A mummy (D:14)
  2 howler monkey skeletons (D:6)
  14 gnolls
  5 adders
  7 river rats
  3 white imps (Lair:5)
  5 worms
  A dart slug (D:3)
  75 orcs
  6 endoplasms
  5 giant cockroaches
  4 goblins
  3 hobgoblins
  4 jackals
  2 quokkas
  11 ball pythons
  8 bats
  5 frilled lizards
  17 kobolds
  16 rats
730 creatures vanquished.

Vanquished Creatures (collateral kills)
  Rupert (Orc:2)
  The ghost of Xetequo the Peltast, a journeyman MiFi of Trog (Lair:3)
  A fire dragon (D:13)
  Erolcha (D:12)
  2 hydras
  A tengu warrior (D:13)
  2 death yaks
  5 ugly things (D:14)
  A centaur zombie (D:14)
  A black mamba (Lair:3)
  A yak (Lair:6)
  2 orc warriors
  2 killer bees (D:6)
  An orc priest (Orc:2)
  An orc wizard (Orc:2)
  A white imp (D:6)
  2 orcs (Orc:2)
26 creatures vanquished.

Vanquished Creatures (others)
  An orc warrior (D:9)
  A wolf (IceCv)
  A gnoll sergeant (D:6)
  A killer bee (D:6)
  2 jellies (D:7)
  An orc wizard (Orc:1)
  A human simulacrum (D:14)
  2 gnolls
  2 orcs (Orc:2)
  A bush (Lair:6)
  30 fungi
  39 plants
  2 withered plants (D:14)
84 creatures vanquished.

Grand Total: 840 creatures vanquished

Notes
Turn   | Place    | Note
-------+----------+-------------------------------------------
     0 | D:1      | knot the Demonspawn Berserker began the quest for the Orb.
     0 | D:1      | Reached XP level 1. HP: 18/18 MP: 1/1
    59 | D:1      | Reached skill level 3 in Axes
    67 | D:1      | Gained mutation: You regenerate a little health from kills.
                  | [demonic ancestry]
    67 | D:1      | Reached XP level 2. HP: 24/24 MP: 2/2
   406 | D:1      | Found a faded altar of an unknown god.
   658 | D:2      | Reached ** piety under Trog
   659 | D:2      | Gained mutation: Your movements are slightly less
                  | encumbered by armour. (ER -2) [demonic ancestry]
   659 | D:2      | Reached XP level 3. HP: 28/29 MP: 3/3
   746 | D:2      | Reached skill level 4 in Axes
  1710 | D:3      | Found a glowing drain.
  1722 | D:3      | Reached XP level 4. HP: 31/35 MP: 4/4
  1755 | Sewer    | Entered a sewer
  1971 | Sewer    | Reached skill level 5 in Axes
  2211 | Sewer    | Reached XP level 5. HP: 25/41 MP: 5/5
  3237 | D:3      | Found a shadowy altar of Dithmenos.
  3240 | D:3      | Found a bloodstained altar of Trog.
  3241 | D:3      | Found a basalt altar of Yredelemnul.
  3241 | D:3      | Found a radiant altar of Vehumet.
  3241 | D:3      | Found a burning altar of Makhleb.
  3243 | D:3      | Found a broken altar of Ashenzari.
  3244 | D:3      | Found a snail-covered altar of Cheibriados.
  3246 | D:3      | Found a sacrificial altar of Ru.
  3355 | D:4      | Reached skill level 1 in Throwing
  3696 | D:4      | Gained mutation: You have a small tail. [demonic ancestry]
  3696 | D:4      | Reached XP level 6. HP: 20/47 MP: 6/6
  4210 | D:4      | Reached *** piety under Trog
  4238 | D:4      | Noticed Eustachio
  4278 | D:4      | Killed Eustachio
  4279 | D:4      | Reached skill level 6 in Axes
  4356 | D:4      | Gained mutation: You regenerate health from kills. [demonic
                  | ancestry]
  4356 | D:4      | Reached XP level 7. HP: 48/52 MP: 7/7
  4952 | D:5      | Entered Level 5 of the Dungeon
  5248 | D:5      | Reached skill level 7 in Axes
  5720 | D:5      | Reached skill level 5 in Throwing
  5720 | D:5      | Reached XP level 8. HP: 52/58 MP: 8/8
  7209 | D:6      | Reached skill level 8 in Axes
  8959 | D:6      | Gained mutation: You regenerate magic rapidly. [demonic
                  | ancestry]
  8959 | D:6      | Reached XP level 9. HP: 58/63 MP: 9/9
  9165 | D:7      | Reached skill level 9 in Axes
  9668 | D:7      | Found a transporter.
  9685 | D:7      | Found a transporter.
  9959 | D:7      | Identified the +0 pair of boots "Riemin" {+Inv rPois}
 10056 | D:7      | Noticed Menkaure
 10488 | D:7      | Killed Menkaure
 10489 | D:7      | Reached skill level 10 in Axes
 11150 | D:7      | Found a staircase to the Ecumenical Temple.
 11160 | Temple   | Entered the Ecumenical Temple
 11471 | D:8      | Found a hazy altar of Hepliaklqana.
 11471 | D:8      | Found an ancient bone altar of Kikubaaqudgha.
 11703 | D:8      | Reached XP level 10. HP: 69/70 MP: 10/10
 11946 | D:8      | Found a hide-covered altar of Uskayaw.
 12821 | D:9      | Found a staircase to the Orcish Mines.
 13192 | D:9      | Reached skill level 11 in Axes
 13783 | D:9      | Found Taakeir's General Store.
 14017 | D:9      | Reached skill level 10 in Throwing
 14705 | D:10     | Entered Level 10 of the Dungeon
 14710 | D:10     | Identified the +0 pair of gloves of the Lost Path {rPois
                  | Dex+2 Slay+3}
 15022 | D:10     | Noticed an orange demon
 15023 | D:10     | Gained mutation: When hurt, damage is shared between your
                  | health and your magic reserves. [demonic ancestry]
 15023 | D:10     | Reached XP level 11. HP: 75/75 MP: 11/11
 15095 | D:10     | Reached skill level 12 in Axes
 15374 | D:10     | Noticed Maurice
 15396 | D:10     | Killed Maurice
 15432 | D:10     | Noticed a two-headed ogre
 15451 | D:10     | Killed a two-headed ogre
 15628 | D:10     | Paralysed by a hornet for 3 turns
 15830 | D:10     | Noticed an orc knight
 15853 | D:10     | Killed an orc knight
 16017 | D:10     | Noticed a glowing orange brain
 16017 | D:10     | a moth of wrath changed into a glowing orange brain
 16019 | D:10     | Noticed a steelbarb worm
 16019 | D:10     | a glowing orange brain changed into a steelbarb worm
 16026 | D:10     | Killed a steelbarb worm
 16673 | D:10     | Reached skill level 13 in Axes
 16854 | D:10     | Noticed a two-headed ogre
 16862 | D:10     | Killed a two-headed ogre
 16910 | D:10     | Noticed an ogre mage
 16917 | D:10     | Killed an ogre mage
 17055 | D:10     | Identified the +7 spear "Uhapass" {vorpal, Int+4}
 17251 | D:11     | Paralysed by a hornet for 3 turns
 17959 | D:11     | Reached skill level 14 in Axes
 18014 | D:11     | Noticed a boulder beetle
 18028 | D:11     | Killed a boulder beetle
 18029 | D:11     | Gained mutation: Your movements are less encumbered by
                  | armour. (ER -4) [demonic ancestry]
 18029 | D:11     | Reached XP level 12. HP: 81/81 MP: 12/12
 18040 | D:11     | Found a staircase to the Lair.
 18640 | Lair:1   | Entered Level 1 of the Lair of Beasts
 18654 | Lair:1   | Noticed a death yak
 18657 | Lair:1   | Noticed a death yak
 18660 | Lair:1   | Noticed a death yak
 18671 | Lair:1   | Killed a death yak
 18676 | Lair:1   | Killed a death yak
 18678 | Lair:1   | Killed a death yak
 18738 | Lair:1   | Found a frozen archway.
 18745 | IceCv    | Entered an ice cave
 18760 | IceCv    | Reached **** piety under Trog
 18893 | IceCv    | Reached skill level 15 in Axes
 19071 | IceCv    | Identified the +2 ring mail of Peek-a-Boo {+Inv rCorr Str-4
                  | SInv}
 19123 | IceCv    | Noticed a death yak
 19123 | IceCv    | Noticed a death yak
 19127 | IceCv    | Noticed a death yak
 19143 | IceCv    | Killed a death yak
 19144 | IceCv    | Killed a death yak
 19147 | IceCv    | Killed a death yak
 19543 | IceCv    | Noticed a death yak
 19543 | IceCv    | Noticed a frost giant
 19556 | IceCv    | Killed a death yak
 19570 | IceCv    | Killed a frost giant
 19571 | IceCv    | Reached skill level 16 in Axes
 19571 | IceCv    | Reached XP level 13. HP: 10/86 MP: 4/13
 20004 | IceCv    | Identified the ring of the Prince of Darkness {Fly Stlth+}
 20009 | IceCv    | Got the Reference Book on Snow
 22676 | Lair:3   | Found a staircase to the Shoals.
 22921 | Lair:3   | Reached skill level 17 in Axes
 23256 | Lair:3   | Found a hole to the Spider Nest.
 23564 | Lair:3   | Reached ***** piety under Trog
 23671 | Lair:3   | Found a runed translucent door.
 23673 | Lair:3   | Noticed Xetequo's ghost (journeyman MiFi)
 24065 | Lair:3   | Killed Xetequo's ghost
 25512 | Lair:4   | Reached XP level 14. HP: 93/93 MP: 9/14
 26269 | Lair:5   | Found a staircase to the Slime Pits.
 26816 | Lair:5   | Reached skill level 18 in Axes
 27083 | Lair:5   | Noticed Josephine
 27086 | Lair:5   | Killed Josephine
 27530 | Lair:5   | Identified the +6 mace of the Ageless Dreams {vorpal, rF+
                  | rC- Str+2 Int+2}
 27567 | Lair:6   | Entered Level 6 of the Lair of Beasts
 27568 | Lair:6   | Identified a scroll of acquirement
 27576 | Lair:5   | Acquired 916 gold pieces
 29383 | Orc:1    | Entered Level 1 of the Orcish Mines
 29395 | Orc:1    | Reached skill level 19 in Axes
 29446 | Orc:1    | Received a gift from Trog
 29447 | Orc:1    | Noticed Erica
 29466 | Orc:1    | Killed Erica
 30030 | D:12     | Noticed Erolcha
 30038 | D:12     | Killed Erolcha
 30334 | D:12     | Noticed Gastronok
 30361 | D:12     | Killed Gastronok
 30480 | D:12     | Found a large runed translucent door.
 30481 | D:12     | Found a large runed translucent door.
 30586 | D:12     | Found an iron altar of Okawaru.
 30901 | D:12     | Reached skill level 15 in Throwing
 30937 | D:13     | Gained mutation: You have a tail ending in a sharp stinger.
                  | [demonic ancestry]
 30937 | D:13     | Reached XP level 15. HP: 88/98 MP: 12/15
 31213 | D:13     | Received a gift from Trog
 31419 | D:13     | Found a gate to the Vaults.
 31672 | D:14     | Reached skill level 5 in Armour
 33191 | D:15     | Entered Level 15 of the Dungeon
 34025 | D:15     | Found a staircase to the Depths.
 34318 | Orc:2    | Entered Level 2 of the Orcish Mines
 34318 | Orc:2    | Found a staircase to the Elven Halls.
 34426 | Orc:2    | Noticed Rupert
 34436 | Orc:2    | Killed Rupert
 34705 | Orc:2    | Found Goffiqu's Armour Shoppe.
 34816 | Orc:2    | Found Ammy's Book Shoppe.
 34902 | Orc:2    | Reached skill level 20 in Axes
 34903 | Orc:2    | Noticed an orc warlord
 34918 | Orc:2    | Killed an orc warlord
 34973 | Orc:2    | Found Xeqiujeroz's Antique Weapon Shoppe.
 34980 | Orc:2    | Found Neagukk's Antique Armour Emporium.
 35297 | Orc:2    | Found Inaonas's Magic Scroll Emporium.
 35366 | Orc:2    | Bought a scroll of magic mapping for 56 gold pieces
 35366 | Orc:2    | Bought a scroll of fear for 56 gold pieces
 35366 | Orc:2    | Bought a scroll of fear for 56 gold pieces
 35366 | Orc:2    | Bought a scroll of teleportation for 48 gold pieces
 35366 | Orc:2    | Bought a scroll of teleportation for 48 gold pieces
 35462 | D:9      | Bought a potion of curing for 42 gold pieces
 35462 | D:9      | Bought a scroll of fog for 28 gold pieces
 35462 | D:9      | Bought a scroll of teleportation for 42 gold pieces
 35608 | Spider:1 | Entered Level 1 of the Spider Nest
 36185 | Spider:1 | Noticed an emperor scorpion
 36524 | Spider:1 | Reached XP level 16. HP: 84/87 MP: 16/16
 38251 | Spider:2 | Noticed Agnes
 38269 | Spider:2 | Slain by Agnes

Illustrated notes

Levels and vault maps discovered:
D:1:      minmay_arrival_nine_rooms, layout_rooms, basic_ecumenical_altar
D:2:      layout_basic
D:3:      layout_loops_ring, minitemple, portal_sewer_entry_b,
          lemuel_old_faithful
D:4:      layout_basic, uniq_eustachio
D:5:      layout_layer_cave, minivault_24
D:6:      minmay_chambers_of_threes, layout_basic
D:7:      gammafunk_cloud_chamber, layout_loops_cross, lemuel_temple_firewalk_b,
          uniq_menkaure
D:8:      minmay_flawed_box, layout_basic, lemuel_coloured_pillars_altar,
          grunt_temple_overflow_open, serial_aquarium,
          aquarium_bridge_island_small [aquarium_subvault_small_water,
          aquarium_subvault_balcony, aquarium_subvault_balcony,
          aquarium_subvault_bridge, aquarium_subvault_wall],
          aquarium_window_fake, aquarium_window_fake, aquarium_window_fake,
          aquarium_view_2c, aquarium_view_2g, aquarium_pool_double
D:9:      minmay_general_purpose_star, layout_loops_ring,
          kennysheep_orc_monster_closet_entryway, serial_shops,
          nicolae_shop_crystal, minmay_misc_feat_nine_boxes,
          hangedman_decor_points
D:10:     minmay_the_grid_net [minmay_the_grid_outer_diamond,
          minmay_the_grid_minigrid_medium, minmay_the_grid_spikes,
          minmay_the_grid_slots, minmay_the_grid_small_cups,
          minmay_the_grid_prize_inner_circle], layout_stronghold, uniq_maurice
D:11:     layout_roguey, david_lair_generic
D:12:     okawaru_arena_lexackson, layout_gridville, okawaru_ov_weapons_minmay,
          uniq_gastronok, uniq_erolcha
D:13:     layout_rooms, david_vaults_5, minmay_misc_feat_five
D:14:     layout_irregular_city, minmay_misc_feat_roman, serial_undead,
          serial_undead_b, serial_undead_e, serial_undead_c, serial_undead_f,
          bh_circular_ruins
D:15:     grunt_enter_depths_magical_seal, layout_long_grid
Temple:   zaba_magenta_temple
Lair:1:   layout_small_grid, portal_ice_cave_rime
Lair:2:   layout_regular_city, chequers_serial_rivers_micro_b,
          nicolae_lair_grazing_beasts [nicolae_sub_lair_graze_edge,
          nicolae_sub_lair_graze_edge, nicolae_sub_lair_graze_edge,
          nicolae_sub_lair_graze_edge], lemuel_fruit_tree, wad_woods_river_01,
          infiniplex_staircase_pool_2
Lair:3:   layout_cave_pods, elwin_shoals_entry_stream,
          nicolae_spider_entry_non_spiders, ebering_ghost_inner_flame,
          chequers_serial_rivers_large_b
Lair:4:   layout_hall_layers, grunt_megastairs_5
Lair:5:   layout_gridlike, minmay_slime_entry_oklob_open,
          bobbens_ice_dragon_lair, uniq_josephine
Lair:6:   grunt_lair_end_beastmaster, layout_loops_ring,
          chequers_serial_rivers_large_a, serial_bayou_shore_b,
          grunt_megastairs_4
Spider:1: layout_spider_delve
Spider:2: layout_spider_delve, uniq_agnes
Orc:1:    layout_caves, uniq_erica
Orc:2:    grunt_orc_community_town_hall, layout_caves,
          grunt_orc_community_big_house_1, grunt_orc_community_big_house_1,
          grunt_orc_community_house_1, grunt_orc_community_house_3,
          grunt_orc_community_house_2, grunt_orc_community_house_3,
          grunt_orc_community_house_1, grunt_orc_community_house_3,
          serial_shops, nicolae_shop_crystal, mines1_david, uniq_rupert

Skill      XL: |  1  2  3  4  5  6  7  8  9 10 11 12 13 14 15 16 |
---------------+-------------------------------------------------+-----
Axes           | 3 4 5 6 7 8 10 11 14 16 17 19 20 | 20.3
Throwing       | 2 3 5 6 8 10 11 12 13 15 | 15.7
Armour         | 4 8 |  8.4
Dodging        | 2 |  2.5
Fighting       | |  3.6

Action                   |  1- 3 |  4- 6 |  7- 9 | 10-12 | 13-15 | 16-18 || total
-------------------------+-------+-------+-------+-------+-------+-------++-------
Melee: Hand axe          |   123 |   162 |   136 |    61 |       |       ||   482
       Tailslap          |       |     4 |    45 |    77 |   148 |    20 ||   294
       Punch             |       |       |     3 |     5 |       |       ||     8
       Spear             |       |       |   154 |   125 |       |       ||   279
       War axe           |       |       |       |   152 |       |       ||   152
       Battleaxe         |       |       |       |   184 |   911 |   105 ||  1200
Throw: Stone             |       |     6 |       |       |       |       ||     6
       Boomerang         |       |       |    85 |    59 |   177 |       ||   321
       Throwing net      |       |       |       |     2 |       |       ||     2
       Dart              |       |       |       |    53 |    91 |    43 ||   187
       Javelin           |       |       |       |       |    15 |       ||    15
Invok: Berserk           |     2 |     5 |    18 |    21 |    18 |     4 ||    68
       Trog's Hand       |       |     1 |     2 |     4 |     1 |       ||     8
       Brothers in Arms  |       |       |       |     1 |     9 |     2 ||    12
 Abil: Evoke Invisibilit |       |       |       |     2 |       |       ||     2
Evoke: Wand              |       |       |     4 |    16 |       |       ||    20
       Tin of tremorston |       |       |       |       |     1 |       ||     1
       Condenser vane    |       |       |       |       |     1 |       ||     1
  Use: Potion            |       |     1 |    11 |     5 |     5 |       ||    22
       Scroll            |       |       |     1 |    14 |    18 |       ||    33
 Stab: Sleeping          |     1 |     5 |       |       |     3 |       ||     9
       Distracted        |       |     1 |       |       |       |       ||     1
       Invisible         |       |       |       |    10 |       |       ||    10
       Petrified         |       |       |       |       |     4 |       ||     4
Armor: Animal skin       |    30 |    12 |       |       |       |       ||    42
       Ring mail         |       |       |    46 |       |       |       ||    46
       Crystal plate arm |       |       |    93 |   271 |   265 |    97 ||   726
       Skin              |       |       |     2 |       |       |       ||     2
       Acid dragon scale |       |       |       |   138 |   122 |       ||   260
Dodge: Dodged            |   103 |    82 |   110 |   172 |   347 |    50 ||   864

Table legend: (Time is in decaauts)
 A = Elapsed time spent in this place.
 B = Non-inter-level travel time spent in this place.
 C = Inter-level travel time spent in this place.
 D = Time resting spent in this place.
 E = Time spent auto-exploring this place.
 F = Levels seen in this place.
 G = Mean time per level.
                   A        B        C        D        E       F      G
               +--------+--------+--------+--------+--------+-----+--------+
         Total |  38540 |  37048 |   1492 |  12944 |  18839 |  28 | 1376.4 |
       Dungeon |  22542 |  21596 |    946 |   7198 |  11572 |  15 | 1502.8 |
        Temple |     73 |     55 |     18 |      0 |     50 |   1 |   73.0 |
          Lair |  10567 |  10227 |    340 |   4317 |   4722 |   6 | 1761.2 |
   Spider Nest |   1479 |   1424 |     55 |    380 |    702 |   2 |  739.5 |
  Orcish Mines |   1614 |   1484 |    130 |     86 |   1004 |   2 |  807.0 |
         Sewer |    903 |    903 |      0 |    243 |    439 |   1 |  903.0 |
      Ice Cave |   1358 |   1358 |      0 |    717 |    349 |   1 | 1358.0 |
               +--------+--------+--------+--------+--------+-----+--------+

Top non-repeatable levels by time:
  Lair:3: 3030 daAuts
    D:10: 2534 daAuts
     D:6: 2417 daAuts
     D:7: 2229 daAuts
     D:4: 1903 daAuts
     D:8: 1847 daAuts
  Lair:4: 1775 daAuts
     D:9: 1729 daAuts
    D:14: 1651 daAuts
    D:11: 1581 daAuts
     D:5: 1577 daAuts
  Lair:5: 1543 daAuts
  Lair:6: 1484 daAuts
Spider:1: 1467 daAuts
  Lair:1: 1370 daAuts
